 Dungeon Crawl Stone Soup version 0.18-a0-1577-gf591c28 (webtiles) character file.

98 wvc the Cudgeler (level 4, 0/35 HPs)
             Began as a Mummy Chaos Knight on Mar 20, 2016.
             Slain by an adder (3 damage)
             ... on level 2 of the Dungeon.
             The game lasted 00:03:20 (1266 turns).

wvc the Cudgeler (Mummy Chaos Knight)               Turns: 1266, Time: 00:03:21

Health: 0/35       AC:  5    Str: 15    XL:     4   Next: 44%
Magic:  4/4        EV: 11    Int: 11    God:    Xom [..*...]
Gold:   65         SH:  0    Dex: 12    Spells: 0 memorised, 3 levels left

rFire  x . .     SeeInvis .     a - +0 mace (chaos)
rCold  + . .     Gourm    .     b - +2 leather armour
rNeg   + + +     Faith    +     (no shield)
rPois  ∞         Spirit   .     (no helmet)
rElec  .         Dismiss  .     (no cloak)
rCorr  .         Reflect  .     (no gloves)
SustAt .         Harm     .     (no boots)
MR     .....                    d - amulet of faith
Stlth  +.........               (no ring)
                                (no ring)

@: not resistant to hostile enchantments, very unstealthy
A: no food or potions, fire vulnerability, cold resistance 1, negative energy
resistance 3, torment resistance, unbreathing
a: Renounce Religion


You were on level 2 of the Dungeon.
You worshipped Xom.
You were a toy of Xom.
You were not hungry.

You visited 1 branch of the dungeon, and saw 2 of its levels.

You collected 65 gold pieces.

Inventory:

Hand Weapons
 a - a +0 mace of chaos (weapon)
Missiles
 i - 10 poisoned needles
Armour
 b - a +2 leather armour (worn)
Jewellery
 d - an amulet of faith (around neck)
Scrolls
 c - 3 scrolls of teleportation {unknown}
 e - a scroll of noise {unknown}
 f - a scroll of amnesia {unknown}
 g - a scroll of remove curse {unknown}
 h - a scroll of immolation {unknown}
 j - a scroll of fear {unknown}
 k - a scroll of recharging {unknown}


   Skills:
 - Level 3.0 Fighting
 * Level 4.3 Maces & Flails
 - Level 1.5 Armour
 - Level 0.7 Dodging


You had 3 spell levels left.
You didn't know any spells.

Dungeon Overview and Level Annotations

Branches:
Dungeon (2/15)

Altars:
Kikubaaqudgha
Qazlal
Ru
Xom


Innate Abilities, Weirdness & Mutations

You do not eat or drink.
Your flesh is vulnerable to fire.
You are immune to poison.
Your flesh is cold resistant.
You are immune to negative energy.
You are immune to unholy pain and torment.
You can survive without breathing.


Message History

You hit the adder.
The adder flickers and vanishes!
Deactivating autopickup; reactivate with Ctrl-A.
You feel yourself speed up.
Something bites you but does no damage. x2
No target in view!
No target in view!
No target in view!
You completely miss something. Something bites you. x2
You hit something but do no damage. Something bites you.
You barely miss something. Something bites you. x2
You miss something. Something bites you.
You barely miss something. Something bites you.
* * * LOW HITPOINT WARNING * * *
Something bites you.
* * * LOW HITPOINT WARNING * * *
You miss something. Something bites you.
* * * LOW HITPOINT WARNING * * *
You completely miss something. Something bites you.
You die... "It's all fun and games until someone loses an eye."

############
#.(........#
#........†.+
+.....{@...######
#................
................!
...#......#.#....
.. #......#.# ...
. #......#.#####
#............ ..
#.....#.###... ..
#.....+.......+


There were no monsters in sight!

Vanquished Creatures
  Jessica (D:2)
  2 adders
  A worm (D:2)
  4 dart slugs (D:1)
  2 giant geckos (D:1)
  8 bats
  4 giant cockroaches (D:1)
  2 goblins
  3 hobgoblins (D:1)
  2 jackals (D:1)
  A ball python (D:1)
  3 giant newts
  4 kobolds
  6 rats
43 creatures vanquished.

Notes
Turn   | Place    | Note
--------------------------------------------------------------
     0 | D:1      | wvc the Mummy Chaos Knight began the quest for the Orb.
     0 | D:1      | Reached XP level 1. HP: 18/18 MP: 1/1
    10 | D:1      | XOM: harmless Fire miscast
   164 | D:1      | Reached XP level 2. HP: 22/24 MP: 2/2
   177 | D:1      | Reached skill level 3 in Maces & Flails
   305 | D:1      | XOM: harmless Fire miscast
   337 | D:1      | XOM: smoke on damage
   407 | D:1      | XOM: divination: magic mapping
   438 | D:1      | XOM: divination: detect items
   441 | D:1      | Reached XP level 3. HP: 27/29 MP: 3/3
   447 | D:1      | XOM: harmless Tloc miscast
   565 | D:1      | XOM: harmless Hex miscast
   705 | D:1      | XOM: noise
  1030 | D:2      | Reached skill level 4 in Maces & Flails
  1033 | D:2      | Reached XP level 4. HP: 18/35 MP: 4/4
  1197 | D:2      | Found a shimmering altar of Xom.
  1197 | D:2      | Found a sacrificial altar of Ru.
  1199 | D:2      | Found a stormy altar of Qazlal.
  1213 | D:2      | Found an ancient bone altar of Kikubaaqudgha.
  1223 | D:2      | Noticed Jessica
  1229 | D:2      | Killed Jessica
  1245 | D:2      | XOM: mild Necr miscast
  1246 | D:2      | XOM: confuse monster(s)
  1266 | D:2      | Slain by an adder

Vault maps used:
D:1:      roderic_crossed_star, st_stairs_8, minmay_cut_off
D:2:      nicolae_overflow_quartered_altars, corexii_leaking_fountain,
          uniq_jessica

Skill      XL: |  1  2  3 |
---------------+----------+-----
Maces & Flails | 3 4 |  4.3
Fighting       | |  3.0
Armour         | |  1.5
Dodging        | |  0.7

Action                   |  1- 3 |  4- 6 || total
-------------------------+-------+-------++-------
Melee: Mace              |   119 |    23 ||   142
